 Dungeon Crawl Stone Soup version 0.30-a0-728-gc68057be0a (webtiles) character file.

Game seed: 12626805158005546221

626 bande the Chopper (level 7, -1/44 HPs)
             Began as a Gargoyle Fighter on Feb 1, 2023.
             Slain by Pikel
             ... wielding a +1 whip of electrocution
              (5 damage)
             ... on level 4 of the Dungeon.
             The game lasted 00:04:56 (3227 turns).

bande the Chopper (Gargoyle Fighter)                Turns: 3227, Time: 00:04:57

Health: -1/44      AC: 13    Str: 20    XL:     7   Next: 47%
Magic:  7/7        EV:  9    Int:  8    God:
Gold:   90         SH:  4    Dex: 11    Spells: 6/6 levels left

rFire   . . .      SeeInvis .    a - +0 war axe
rCold   . . .      Faith    .    c - +0 buckler
rNeg    + . .      Spirit   .    b - +0 scale mail
rPois   ∞          Reflect  .    (no helmet)
rElec   +          Harm     .    j - +0 cloak
rCorr   .          Rampage  .    (no gloves)
Will    .....                    (no boots) Stlth
                                 (no amulet)
HPRegen 0.27/turn                (no ring)
MPRegen 0.10/turn                (no ring)

@: no status effects
A: sickness immunity, AC +4, negative energy resistance 1, electricity
resistance, torment resistance 1, petrification resistance
a: no special abilities


You were on level 4 of the Dungeon.
You visited 1 branch of the dungeon, and saw 4 of its levels.

You collected 90 gold pieces.

Inventory:

Hand Weapons
 a - a +0 war axe (weapon)
Armour
 b - a +0 scale mail (worn)
 c - a +0 buckler (worn)
 j - a +0 cloak (worn)
Jewellery
 m - an amulet of magic regeneration
Scrolls
 e - 2 scrolls of summoning
 g - 3 scrolls of identify
 h - 4 scrolls of teleportation
Potions
 d - 2 potions of might
 f - a potion of brilliance {unknown}
 i - a potion of curing
 k - a potion of heal wounds
 l - a potion of berserk rage


   Skills:
 + Level 4.9 Fighting
 + Level 5.4 Axes
 + Level 5.2 Armour
 + Level 3.8 Shields


You had 6 spell levels left.
You didn't know any spells.
Your spell library contained the following spells:

 Spells                   Type           Power      Damage    Failure   Level
 Sting                    Tmut/Pois      0%         1d3       83%         1
 Poisonous Vapours        Pois/Air       0%         N/A       93%         2
 Call Canine Familiar     Summ           0%         N/A       99%         3
 Inner Flame              Hex/Fire       0%         N/A       99%         3
 Portal Projectile        Hex/Tloc       0%         N/A       99%         3
 Flame Wave               Conj/Fire      0%         2d4       100%        4
 Leda's Liquefaction      Hex/Erth       0%         N/A       100%        4
 Olgreb's Toxic Radiance  Pois           0%         N/A       100%        4
 Sticky Flame             Conj/Fire      0%         2d3       100%        4
 Yara's Violent Unravell  Hex/Tmut       0%         3d3       100%        5
 Enfeeble                 Hex            0%         N/A       100%        7


Dungeon Overview and Level Annotations

Branches:
Dungeon (4/15)
 Temple: D:4-7

Altars:

Shops:
D:1 [

Annotations:
D:4 Pikel


Innate Abilities, Weirdness & Mutations

You are immune to sickness and miasma.
Your stone body is resilient. (AC +4)
You are immune to poison.
You resist negative energy. (rN+)
You are resistant to electric shocks. (rElec)
You are resistant to unholy torment.
You are immune to petrification.


Message History

You are too injured to fight recklessly!
You are too injured to fight recklessly!
You are too injured to fight recklessly!
You are too injured to fight recklessly!
You are too injured to fight recklessly!
You are too injured to fight recklessly!
You are too injured to fight recklessly!
You are too injured to fight recklessly!
You are too injured to fight recklessly!
You hit Pikel but do no damage.
Pikel is lightly wounded.
Pikel hits you with a +1 whip of electrocution. x2
* * * LOW HITPOINT WARNING * * *
You completely miss Pikel.
Pikel is lightly wounded.
Pikel zaps a wand.
You struggle to resist.
You hit Pikel.
Pikel is moderately wounded.
You block Pikel's attack.
You closely miss Pikel.
Pikel is moderately wounded.
Pikel says, "You'll feel the lick of my whip!"
You block Pikel's attack.
You slash Pikel!
Pikel is heavily wounded.
Pikel zaps a wand.
Your mind is blasted!
* * * LOW HITPOINT WARNING * * *
Pikel hits you with a +1 whip of electrocution.
* * * LOW HITPOINT WARNING * * *
You barely miss Pikel.
Pikel is heavily wounded.
You block Pikel's attack.
You hit Pikel but do no damage.
Pikel is heavily wounded.
Pikel hits you with a +1 whip of electrocution!
* * * LOW HITPOINT WARNING * * *
You closely miss Pikel.
Pikel is heavily wounded.
Pikel hits you with a +1 whip of electrocution.
You die...

#.# ########. #.#
#...##...
##.##.####........
#5.##........##.#.
#5#######.#.###.#†
#5# #.#.# #.#. #5#
#.#.# #.#.
#K#######.#.# #.#.
#@......#.#.# #.#)
#######.#.#.# #...
#.......#.. ##..
#.###..........
######.###. #


You could see Pikel and 4 lemures.

Vanquished Creatures
  Grinder (D:3)
  Sigmund (D:3)
  A phantom (D:4)
  An orc priest (D:4)
  Crazy Yiuf (D:3)
  Jessica (D:3)
  3 adders
  2 dart slugs (D:2)
  5 orcs (D:3)
  3 ball pythons
  5 endoplasms
  3 giant cockroaches
  4 hobgoblins
  3 quokkas
  3 bats
  A frilled lizard (D:2)
  6 goblins
  6 kobolds
  2 rats
52 creatures vanquished.

Notes
Turn   | Place    | Note
-------+----------+-------------------------------------------
     0 | D:1      | bande the Gargoyle Fighter began the quest for the Orb.
     0 | D:1      | Reached XP level 1. HP: 14/14 MP: 1/1
   193 | D:1      | Found Ojagocwo's Armour Emporium.
   335 | D:1      | Reached XP level 2. HP: 14/19 MP: 2/2
   873 | D:2      | Reached XP level 3. HP: 18/24 MP: 3/3
  1303 | D:2      | Reached XP level 4. HP: 29/29 MP: 4/4
  1571 | D:3      | Noticed Sigmund
  1586 | D:3      | Killed Sigmund
  1587 | D:3      | Reached XP level 5. HP: 31/34 MP: 5/5
  1587 | D:3      | Reached XP level 6. HP: 36/39 MP: 6/6
  1611 | D:3      | Found a faded altar of an unknown god.
  1694 | D:3      | Noticed Grinder
  1716 | D:3      | Killed Grinder
  1717 | D:3      | Reached XP level 7. HP: 20/44 MP: 7/7
  1988 | D:3      | Noticed Jessica
  1995 | D:3      | Killed Jessica
  1996 | D:3      | Reached skill level 5 in Axes
  2299 | D:3      | Found a runed translucent door.
  2300 | D:3      | Noticed Crazy Yiuf
  2570 | D:3      | Killed Crazy Yiuf
  2571 | D:3      | Reached skill level 5 in Armour
  3201 | D:4      | Noticed Pikel
  3227 | D:4      | Slain by Pikel

Illustrated notes

Levels and vault maps discovered:
D:1:      sevenhm_arrival_forest_fort_large_4, layout_basic, serial_shops,
          nicolae_shop_trees, serial_forest, infiniplex_forest_lined_corner,
          infiniplex_forest_lined_ring, infiniplex_forest_straight_4,
          infiniplex_forest_lined_3, infiniplex_forest_3_way,
          infiniplex_forest_diagonal, infiniplex_forest_lined_room_
D:2:      layout_loops_ring
D:3:      layout_loops_ring, hellmonk_ecumenical_altar_arch_garden,
          uniq_crazy_yiuf_cottage, uniq_jessica, uniq_grinder, uniq_sigmund
D:4:      layout_loops_ring, minmay_temple_entry_overgrown, uniq_pikel

Skill      XL: |  1  2  3  4  5  6  7 |
---------------+----------------------+-----
Axes           | 2 4 5 |  5.4
Fighting       | 4 |  4.9
Armour         | 4 5 |  5.2
Shields        | |  3.8

Action                     |  1- 3 |  4- 6 |  7- 9 || total
---------------------------+-------+-------+-------++-------
  Melee: War axe           |    99 |    37 |    67 ||   203
    Use: Scroll            |     4 |     1 |     5 ||    10
 Armour: Scale mail        |    62 |    18 |    28 ||   108
  Dodge: Dodged            |    45 |    13 |    17 ||    75
  Block: Buckler           |    21 |     3 |    16 ||    40

Table legend: (Time is in decaauts)
 A = Elapsed time spent in this place.
 B = Non-inter-level travel time spent in this place.
 C = Inter-level travel time spent in this place.
 D = Time resting spent in this place.
 E = Time spent auto-exploring this place.
 F = Levels seen in this place.
 G = Mean time per level.
                   A        B        C        D        E       F      G
               +--------+--------+--------+--------+--------+-----+--------+
         Total |   3303 |   3214 |     89 |    652 |   2049 |   4 |  825.8 |
       Dungeon |   3303 |   3214 |     89 |    652 |   2049 |   4 |  825.8 |
               +--------+--------+--------+--------+--------+-----+--------+

Top non-repeatable levels by time:
     D:3: 1406 daAuts
     D:1: 830 daAuts
     D:2: 776 daAuts
     D:4: 291 daAuts
